 Dungeon Crawl Stone Soup version 0.30-a0-760-g5a9884bb7c (webtiles) character file.

Game seed: 8552444981361792346

2207538 demibob the Ruinous (level 27, 231/231 (244) HPs)
             Began as a Demonspawn Gladiator on Feb 7, 2023.
             Was the Champion of Ashenzari.
             Escaped with the Orb
             ... and 4 runes on Feb 11, 2023!
             The game lasted 04:32:35 (78219 turns).

demibob the Ruinous (Demonspawn Gladiator)         Turns: 78219, Time: 04:32:36

HP:   231/231 (244) AC: 30    Str:  9 (16) XL:     27
MP:   38/38         EV: 27    Int: 24 (25) God:    Ashenzari [******]
Gold: 5296          SH: 17    Dex: 23 (26) Spells: 19/48 levels left

rFire   + + +      SeeInvis +    a - staff of conjuration (curse) {Bglg, Melee}
rCold   + . .      Faith    .    S - +2 shield of Resistance {rF++ rC++ Will++, Range, Elem} (curse)
rNeg    . . .      Spirit   +    L - +8 fire dragon scales of Ashenzari's Activism {rF++ rC-, Fort, Evo} (curse)
rPois   +          Reflect  .    i - +1 hat "Cryptic Urgency" {Fly Int+5 Dex+3, Cun, Evo} (curse)
rElec   .          Harm     .    (cloak unavailable)
rCorr   .          Rampage  +    U - +0 pair of gloves of the Eye in the Sky {Range, Elem} (curse)
Will    +++++      Clarity  +    Q - +2 pair of boots "Overhang to Understand" {rampage, Bglg, Cun} (curse)
Stlth   ++                       H - amulet "Seer of the Cursed God" {Spirit, Evo, Cun} (curse)
HPRegen 0.58/turn                h - ring of the Hare {EV+10, Fort, Self} (curse)
MPRegen 0.26/turn                f - ring of Curses and Power {Wiz Fly rPois Will+, Cun, Evo} (curse)

@: flying, drained
A: thin skeletal structure 3, hurl damnation, ignite blood 3, powered by death
3, torment resistance 1, demonic willpower, weakness stinger 3, strong-willed 1,
heat vulnerability 1
0: Orb of Zot
}: 4/15 runes: decaying, slimy, silver, gossamer
a: Hurl Damnation, Renounce Religion, Shatter the Chains


You escaped.
You worshipped Ashenzari.
Ashenzari was exalted by your worship.
You visited 11 branches of the dungeon, and saw 55 of its levels.
You also visited: Sewer, Ossuary, Bailey and Wizlab.

You collected 11472 gold pieces.
You spent 6176 gold pieces at shops.


Innate Abilities, Weirdness & Mutations

You have an unnaturally thin skeletal structure. (Dex +6, Stealth+++)
You can hurl damnation.
Your demonic aura causes all spilled blood to erupt in flames.
You regenerate a lot of health from kills.
You are resistant to unholy torment.
You punish those that try to bend your will. (Will+)
You have a sharp stinger which inflicts weakening toxins.
You are strong-willed. (Will+)
You are vulnerable to heat. (rF-)


   Skills:
 + Level 23.6(25.8) Fighting
 - Level 14.0(16.5) Staves
 - Level 1.7(4.4) Throwing
 - Level 18.0(21.7) Armour
 - Level 11.2(17.4) Dodging
 - Level 11.9(15.8) Shields
 - Level 8.3(11.0) Spellcasting
 - Level 24.0(27) Conjurations
 - Level 16.7(20.5) Earth Magic
 - Level 16.1(22.2) Evocations


You had 19 spell levels left.
You knew the following spells:

 Your Spells              Type           Power      Damage    Failure   Level
a - Leda's Liquefaction   Hex/Erth       29%        N/A       1%          4
b - Borgnjor's Vile Clut  Necr/Erth      29%        N/A       5%          5
l - Lehudib's Crystal Sp  Conj/Erth      56%        10d13     4%          8
p - Petrify               Tmut/Erth      58%        N/A       1%          4
s - Iron Shot             Conj/Erth      56%        9d11      1%          6
w - Wereblood             Tmut           13%        N/A       19%         2

Your spell library contained the following spells:

 Spells                   Type           Power      Damage    Failure   Level
 Magic Dart               Conj           100%       1d8       0%          1
 Sandblast                Erth           100%       2d20      0%          1
 Iskenderun's Battlesphe  Conj           100%       2d15      0%          5
 Kiss of Death            Conj/Necr      100%       2d13      1%          1
 Shock                    Conj/Air       100%       1d9       1%          1
 Momentum Strike          Conj/Tloc      100%       3d10      1%          2
 Passwall                 Tmut/Erth      48%        N/A       1%          2
 Hailstorm                Conj/Ice       87%        3d17      1%          3
 Flame Wave               Conj/Fire      87%        2d19      1%          4
 Fulminant Prism          Conj/Hex       43%        3d19      1%          4
 Sticky Flame             Conj/Fire      87%        2d10      1%          4
 Arcjolt                  Conj/Air       43%        1d53      1%          5
 Fireball                 Conj/Fire      43%        3d17      1%          5
 Irradiate                Conj/Tmut      43%        3d26      1%          5
 Lee's Rapid Deconstruct  Erth           42%        3d20*     1%          5
 Orb of Destruction       Conj           60%        9d15      1%          7
 Conjure Ball Lightning   Conj/Air       43%        3x3d15    7%          6
 Freezing Cloud           Conj/Ice/Air   36%        6-21      8%          5
 Apportation              Tloc           30%        N/A       11%         1
 Freeze                   Ice            60%        1d7       11%         1
 Sting                    Tmut/Pois      52%        1d5       12%         1
 Blink                    Tloc           30%        N/A       16%         2
 Lesser Beckoning         Tloc           30%        N/A       16%         2
 Sublimation of Blood     Necr           13%        N/A       19%         2
 Statue Form              Tmut/Erth      38%        N/A       26%         6
 Confusing Touch          Hex            15%        N/A       28%         3
 Frozen Ramparts          Ice            30%        1d5       28%         3
 Gell's Gravitas          Tloc           15%        N/A       28%         3
 Inner Flame              Hex/Fire       15%        N/A       28%         3
 Kindle Blastsparks       Fire/Tloc/Air  30%        2d12      28%         3
 Ozocubu's Armour         Ice            15%        N/A       28%         3
 Teleport Other           Tloc           15%        N/A       28%         3
 Vhi's Electric Charge    Tloc/Air       30%        N/A       28%         3
 Ignite Poison            Fire/Tmut/Pois 14%        N/A       32%         3
 Call Canine Familiar     Summ           13%        N/A       34%         3
 Spellforged Servitor     Conj/Summ      43%        N/A       38%         7
 Cause Fear               Hex            7%         N/A       65%         4
 Manifold Assault         Tloc           15%        N/A       65%         4
 Ice Form                 Ice/Tmut       14%        N/A       69%         4
 Summon Ice Beast         Ice/Summ       14%        N/A       69%         4
 Summon Lightning Spire   Summ/Air       14%        N/A       69%         4
 Dispel Undead            Necr           13%        3d9       73%         4
 Olgreb's Toxic Radiance  Pois           13%        N/A       73%         4
 Metabolic Englaciation   Hex/Ice        7%         N/A       93%         5
 Summon Forest            Summ/Tloc      7%         N/A       95%         5
 Yara's Violent Unravell  Hex/Tmut       7%         3d5       95%         5
 Alistair's Intoxication  Tmut/Pois      8%         N/A       96%         5
 Eringya's Noxious Bog    Tmut/Pois      6%         N/A       100%        6
 Simulacrum               Ice/Necr       7%         N/A       100%        6
 Dragon Form              Tmut           6%         N/A       100%        7
 Enfeeble                 Hex            7%         N/A       100%        7
 Malign Gateway           Summ/Tloc      7%         N/A       100%        7
 Ozocubu's Refrigeration  Ice            7%         4d9       100%        7
 Summon Hydra             Summ           6%         N/A       100%        7
 Borgnjor's Revivificati  Necr           6%         N/A       100%        8
 Discord                  Hex            7%         N/A       100%        8
 Disjunction              Tloc           7%         N/A       100%        8
 Ignition                 Fire           7%         3d5       100%        8
 Necromutation            Tmut/Necr      6%         N/A       100%        8
 Death's Door             Necr           6%         N/A       100%        9
 Dragon's Call            Summ           6%         N/A       100%        9

Inventory:

Missiles
 R - 5 javelins (quivered)
Armour
 i - the cursed +1 hat "Cryptic Urgency" (worn) {Fly Int+5 Dex+3, Cun, Evo}
   (You acquired it in a wizard's laboratory)

   Int:       It affects your intelligence (+5).
   Dex:       It affects your dexterity (+3).
   Fly:       It grants you flight.
   It has a curse which improves the following skills: Cunning: Dodging and
   Stealth.
   Evocations: Evocations.
 L - the cursed +8 fire dragon scales of Ashenzari's Activism (worn) {rF++ rC-, Fort, Evo}
   (You found it on level 2 of the Vaults)

   rF:        It greatly protects you from fire.
   rC:        It makes you vulnerable to cold.
   It has a curse which improves the following skills: Fortitude: Armour and
   Shields.
   Evocations: Evocations.
 Q - the cursed +2 pair of boots "Overhang to Understand" (worn) {rampage, Bglg, Cun}
   (You acquired it on level 4 of the Spider Nest)

   It has a curse which improves the following skills: Beguiling: Conjurations,
   Hexes and Translocations.
   Cunning:   Dodging and Stealth.
 S - the cursed +2 shield of Resistance (worn) {rF++ rC++ Will++, Range, Elem}
   (You found it on level 3 of the Elven Halls)

   rF:        It greatly protects you from fire.
   rC:        It greatly protects you from cold.
   Will:      It greatly increases your willpower.
   It has a curse which improves the following skills: Ranged Combat: Ranged
   Weapons and Throwing.
   Elements:  Fire Magic, Ice Magic, Air Magic and Earth Magic.
 U - the cursed +0 pair of gloves of the Eye in the Sky (worn) {Range, Elem}
   (You found it on level 4 of the Dungeon)

   It has a curse which improves the following skills: Ranged Combat: Ranged
   Weapons and Throwing.
   Elements:  Fire Magic, Ice Magic, Air Magic and Earth Magic.
Magical Staves
 a - a cursed staff of conjuration (weapon) {Bglg, Melee}
Jewellery
 f - the cursed ring of Curses and Power (right hand) {Wiz Fly rPois Will+, Cun, Evo}
   (You bought it in a shop on level 1 of the Vaults)

   [ring of wizardry]

   It improves your spell success rate.
   rPois:     It protects you from poison.
   Fly:       It grants you flight.
   Will:      It increases your willpower.
   It has a curse which improves the following skills: Cunning: Dodging and
   Stealth.
   Evocations: Evocations.
 h - the cursed ring of the Hare (left hand) {EV+10, Fort, Self}
   (You bought it in a shop on level 1 of the Vaults)

   [ring of evasion]

   EV:        It affects your evasion (+10).
   It has a curse which improves the following skills: Fortitude: Armour and
   Shields.
   Introspection: Fighting and Spellcasting.
 n - the ring "Qivvuw" {rF+ Dex+5}
   (You took it off a deep elf demonologist on level 3 of the Elven Halls)

   [ring of protection from fire]

   Dex:       It affects your dexterity (+5).
   rF:        It protects you from fire.
 p - the ring of Wuoqil {rElec rF+++ Will- MP+9 EV+5}
   (You took it off a deep elf annihilator on level 3 of the Elven Halls)

   [ring of evasion]

   EV:        It affects your evasion (+5).
   rF:        It renders you almost immune to fire.
   rElec:     It insulates you from electricity.
   MP:        It affects your magic capacity (+9).
   Will:      It decreases your willpower.
 C - a ring of protection from cold
 E - a +5 ring of evasion
 F - a ring of protection from fire
 H - the cursed amulet "Seer of the Cursed God" (around neck) {Spirit, Evo, Cun}
   (You found it on level 9 of the Dungeon)

   [amulet of guardian spirit]

   It causes incoming damage to be divided between your reserves of health and
   magic.
   It has a curse which improves the following skills: Evocations: Evocations.
   Cunning:   Dodging and Stealth.
 W - a ring of willpower
 Z - a ring of wizardry
Wands
 d - a wand of mindburst (32)
 q - a wand of quicksilver (5)
 u - a wand of polymorph (31)
 v - a wand of flame (43)
 J - a wand of digging (15)
 M - a wand of paralysis (38)
 N - a wand of iceblast (9)
Scrolls
 b - a scroll of enchant weapon
 e - 2 scrolls of enchant armour
 l - 3 scrolls of teleportation {@r2}
 y - 3 scrolls of fog
 z - 9 scrolls of poison
 B - 2 scrolls of magic mapping
 G - 5 scrolls of fear
Potions
 g - 4 potions of haste {@q3}
 m - a potion of berserk rage {!q}
 o - 14 potions of mutation
 r - 6 potions of magic
 s - 4 potions of resistance
 t - 6 potions of curing {@q1}
 w - 8 potions of cancellation
 x - 12 potions of flight
 D - a potion of heal wounds {@q2}
 K - 3 potions of invisibility
 P - 10 potions of brilliance
 T - 5 potions of ambrosia
 V - a potion of might
Miscellaneous
 c - a box of beasts
 k - a phantom mirror
 A - a phial of floods
 O - a condenser vane
 X - a lightning rod (4/4)

Dungeon Overview and Level Annotations

Branches:
Dungeon (15/15)            Temple (0/1) D:7            Lair (5/5) D:8
  Swamp (4/4) Lair:2       Spider (4/4) Lair:2        Slime (5/5) Lair:4
    Orc (2/2) D:10            Elf (3/3) Orc:2        Vaults (5/5) D:14
  Crypt (3/3) Vaults:2       Tomb (0/3) Crypt:3      Depths (4/4) D:15
    Zot (5/5) Depths:4      Sewer (visited)         Ossuary (visited)
 Bailey (visited)          WizLab (visited)

Altars:
Ashenzari
Cheibriados
Dithmenos
Fedhas
Kikubaaqudgha
Nemelex Xobeh
Okawaru
Ru
Uskayaw
Vehumet
Wu Jian
Xom
Yredelemnul
Jiyva
Lugonu

Shops:
D:2 (   D:6 [   D:7 *   D:12 *   Orc:2 ([=[(   Vaults:1 (==(   Vaults:3 [
Vaults:4 ?   Vaults:5 (   Depths:3 *

Portals:
Hell: Depths:1 Depths:2 Depths:3 Depths:4
Abyss: Elf:1 Depths:3
Pandemonium: Depths:2 Depths:3
Ziggurat: Depths:2

Annotations:
D:2 1 runed translucent door, Crazy Yiuf
D:6 2 runed translucent doors
D:13 8 runed translucent doors
Lair:5 1 runed translucent door
Elf:1 2 transporters, Kyerol's ghost, adept TeSu
Elf:2 2 runed translucent doors
Vaults:4 3 runed translucent doors, Leriaza's ghost, veteran DsVM
Crypt:3 1 runed translucent door, Vetoew's ghost, veteran DsSu
Zot:3 3 runed translucent doors, Dawneret's ghost, master GnFi
Zot:4 1 runed translucent door, Dawneret's ghost, master GnFi

.# #.# ##..#...###.... .#
#.##############...#...# #.... .#
#................#.#...###...#
.##########....#####..#.......###
..## #.##..####......#...# #
#..### #.##................# #
##.#≈≈≈≈≈≈≈≈≈≈≈≈≈≈≈..#...###### #
#.#≈▓▓▓▓≈≈≈≈≈▓▓▓▓≈....#.(## ###
#.#≈▓⌠.▓▓▓▓▓▓▓.@▓≈.#......## #..
##.#≈▓..+.....'..▓≈.#...##..###.#
##.#≈▓▓'▓▓▓'▓▓▓'▓▓≈{{.#####..##.#
##..≈≈▓.▓.....▓.▓≈{{.## ##.##.#
#..#≈≈▓.▓..▓..▓.▓≈≈..# ####.#..#
....≈≈▓.▓..▓..▓.▓≈≈.#####......##
......'.'.8▓8.+.'...# #...##.###.
###.≈≈▓.▓..▓..▓.▓≈≈.###.####.##..
#...≈≈▓.▓..▓..▓.▓≈≈..##.# #.#..#


There were no monsters in sight!


Message History

There is a stone staircase leading down here.
You see here a hobgoblin skeleton.
There is a stone staircase leading up here.
You fly upwards.
Level annotation: 1 runed translucent door, Crazy Yiuf
There is a stone staircase leading down here.
There is a stone staircase leading down here.
A tormentor comes into view.
You hit the tormentor but do no damage.
You blast the tormentor!
The tormentor is moderately wounded.
You hit the tormentor.
You blast the tormentor!
The tormentor is heavily wounded.
Unknown command.
You hit the tormentor but do no damage.
You blast the tormentor!!!
You kill the tormentor!
(D) Dungeon (T) Temple (L) Lair (S) Swamp (N) Spider Nest (M) Slime Pits (O) Orcish Mines (E) Elven Halls (V) Vaults (C) Crypt (W) Tomb (U) Depths (H) Hell (Z) Zot
Where to? (Enter - D:1, ? - help) HP restored.
There is a stone staircase leading up here.
You fly upwards.
There is a stone staircase leading down here.
There is an open door here.
There is an open door here.
You sense a monster nearby.
Unknown command.
There is a staircase leading out of the dungeon here.
You have escaped!

Skill      XL: |  1  2  3  4  5  6  7  8  9 10 11 12 13 14 15 16 17 18 19 20 21 22 23 24 25 26 27 |
---------------+----------------------------------------------------------------------------------+-----
Staves         | 3 4 6 7 13 14 | 14.0
Dodging        | 3 5 7 9 10 11 | 11.2
Fighting       | 5 6 9 12 13 14 15 16 17 20 23 | 23.6
Evocations     | 4 6 10 11 13 16 | 16.1
Armour         | 6 11 14 16 17 18 | 18.0
Earth Magic    | 4 6 10 12 15 16 | 16.7
Spellcasting   | 2 3 6 8 |  8.3
Conjurations   | 7 9 10 14 16 17 19 22 24 | 24.0
Shields        | 5 10 11 | 11.9
Throwing       | |  1.7

Action                     |  1- 3 |  4- 6 |  7- 9 | 10-12 | 13-15 | 16-18 | 19-21 | 22-24 | 25-27 || total
---------------------------+-------+-------+-------+-------+-------+-------+-------+-------+-------++-------
  Melee: Quarterstaff      |    56 |   137 |   421 |   689 |  1018 |       |       |       |       ||  2321
         Tailslap          |     3 |    15 |    70 |   124 |   298 |   303 |   664 |   543 |   631 ||  2651
         Lajatang          |       |       |       |       |   102 |  1290 |   263 |       |       ||  1655
         Staff             |       |       |       |       |       |       |  2524 |  1856 |  2109 ||  6489
         Unarmed           |       |       |       |       |       |       |       |       |     6 ||     6
   Cast: Borgnjor's Vile C |       |       |       |       |       |       |     2 |       |       ||     2
         Lehudib's Crystal |       |       |       |       |       |       |       |     2 |    58 ||    60
         Wereblood         |       |       |       |       |       |       |       |       |     1 ||     1
 Invoke: Curse Item        |       |       |       |     3 |     5 |     2 |     4 |     2 |     1 ||    17
         Shatter the Chain |       |       |       |       |       |     2 |     4 |       |     1 ||     7
  Evoke: Wand              |       |       |       |    20 |     1 |     7 |    41 |     8 |     1 ||    78
         Condenser vane    |       |       |       |       |     2 |     9 |    14 |     8 |    12 ||    45
         Lightning rod     |       |       |       |       |       |     1 |    17 |     8 |     5 ||    31
         Box of beasts     |       |       |       |       |       |       |     4 |     4 |     5 ||    13
         Phantom mirror    |       |       |       |       |       |       |       |     6 |     4 ||    10
    Use: Scroll            |       |     5 |    14 |     4 |     5 |    17 |    20 |     4 |    21 ||    90
         Potion            |       |     2 |     2 |     8 |     4 |    28 |    10 |    24 |    23 ||   101
   Stab: Sleeping          |     1 |     3 |    13 |     2 |       |       |     1 |     3 |     7 ||    30
         Invisible         |       |       |     8 |     7 |     3 |       |     3 |       |       ||    21
         Distracted        |       |       |     2 |     9 |    29 |       |     1 |     5 |     6 ||    52
         Confused          |       |       |       |       |     1 |       |       |       |       ||     1
         Petrified         |       |       |       |       |     2 |       |       |       |       ||     2
         Paralysed         |       |       |       |       |       |       |     2 |       |       ||     2
 Armour: Leather armour    |    11 |    38 |    93 |    12 |       |       |       |       |       ||   154
         Skin              |       |       |     1 |       |       |       |       |       |     2 ||     3
         Acid dragon scale |       |       |       |    57 |       |       |       |       |       ||    57
         Chain mail        |       |       |       |   127 |   373 |   699 |   326 |       |       ||  1525
         Fire dragon scale |       |       |       |       |       |       |   335 |   376 |   479 ||  1190
  Dodge: Dodged            |    20 |   113 |   204 |   447 |   755 |  1256 |  2094 |   905 |  1509 ||  7303
         Repelled          |       |       |       |     2 |    18 |    24 |     4 |       |       ||    48
  Block: Buckler           |       |       |       |       |       |       |   270 |       |       ||   270
         Kite shield       |       |       |       |       |       |       |   990 |  1036 |  1341 ||  3367

Levels and vault maps discovered:
D:1:      heliophobic_arrival_glass_houses, layout_rooms
D:2:      layout_rooms, serial_shops, shop, minmay_vboxes,
          uniq_crazy_yiuf_cottage, uniq_natasha, uniq_terence
D:3:      layout_basic, portal_sewer_entry_f, uniq_ijyb, uniq_sigmund
D:4:      layout_gridville, lemuel_round_altar, mainiacjoe_overflow_chevrons,
          mainiacjoe_overflow_large_starburst, minmay_cut_off,
          uniq_blork_the_orc
D:5:      kennysheep_six_static_rooms, layout_cave_pods, lemuel_crystal_altar,
          hangedman_minor_gate_pass
D:6:      lemuel_insect_pit, layout_cave_pods, amcnicky_altar_gilded,
          yredelemnul_altar_generic, serial_shops, nicolae_shop_hallway_plus,
          minmay_misc_feat_ornament
D:7:      layout_cave_pools, nemelex_xobeh_ov_fountains_minmay,
          minmay_temple_entry_sparse_star, nicolae_ossuary_entry_plus,
          serial_shops, kennysheep_mini_moat, uniq_menkaure
D:8:      layout_basic, mainiacjoe_overflow_six_doors_small, old_standard_altar,
          minmay_lair_entry_grove, special_room [special_room_kobold],
          uniq_prince_ribbit1
D:9:      layout_loops_corners, enter_bailey_3
D:10:     layout_roguey, kennysheep_orc_monster_closet_entryway
D:11:     minmay_ambush_box, layout_basic, minmay_misc_feat_plants
D:12:     layout_gridville, nicolae_shop_gadgets, uniq_josephine, uniq_snorg
D:13:     minmay_five_octagons, layout_basic
D:14:     layout_basic, david_vaults_2, okawaru_trees_1,
          pdpol_wu_jian_five_deadly_venoms, uniq_nessos, uniq_lodul, uniq_agnes
D:15:     grunt_enter_depths_magical_seal, layout_stronghold, minivault_26
Lair:1:   layout_roguey
Lair:2:   layout_regular_city, minmay_swamp_entry_worms,
          nicolae_spider_entry_tight_spaces, bh_autumn_forest_stairs,
          grunt_forest_large_clearing_hut, uniq_nergalle, uniq_amaemon,
          uniq_sonja
Lair:3:   layout_misc_corridors, nzn_sisyphean_effort
Lair:4:   layout_long_grid, minmay_slime_entry_oklob_open
Lair:5:   guppyfry_lair_end_dragon, layout_regular_city, wormcave
Swamp:1:  layout_basic_swamp, evilmike_swamp_ruin_house_2
Swamp:2:  layout_basic_swamp, evilmike_swamp_ruin_rubble_1,
          nicolae_swamp_big_swirl, infiniplex_staircase_pool_2
Swamp:3:  layout_basic_swamp, evilmike_swamp_ruin_house_5,
          grunt_lady_of_the_lake, uniq_mara
Swamp:4:  byrel_swamp_growth_death_and_undeath, layout_basic_swamp
Spider:1: layout_spider_delve, nicolae_spider_altar_of_dancing
Spider:2: layout_chambers, portal_ice_cave_entry_ice_simulacra, drop_trap
Spider:3: layout_chambers, spiders_nest_hornet_nest, uniq_roxanne, uniq_louise,
          uniq_donald
Spider:4: spider_rune_water, nicolae_looking_at_the_future
Slime:1:  layout_caves
Slime:2:  layout_caves
Slime:3:  layout_caves
Slime:4:  layout_caves
Slime:5
Orc:1:    layout_caves, nicolae_volcano_entry_hallway, uniq_gastronok
Orc:2:    st_orc_mages, layout_diamond_mine, serial_shops,
          nicolae_shop_behind_doors, minmay_orc_temple_a
Elf:1:    eino_elf_arrival_customs, layout_gridlike,
          gammafunk_ghost_abyssal_escape, minmay_elf_demonology, drop_trap
Elf:2:    nicolae_elf_blades_splatter_lattice
          [nicolae_blade_entry_splitting_headache], layout_rooms,
          minmay_elf_sorcery
Elf:3:    minmay_elf_hall, layout_onion_city
Vaults:1: v_misc_26, serial_ice_g, nicolae_vaults_little_squares_6,
          vaults_room_hallway, layout_vaults_omnigrid, serial_shops,
          shop_fountains, shop, shop,
          nicolae_shop_temple_entry_statues_fountains, uniq_asterion
Vaults:2: vaults_room_door_hall, minmay_crypt_entry_simple_statues,
          hangedman_vaults_stream, nicolae_vaults_little_squares_6,
          ontoclasm_vaults_spin, nicolae_vaults_little_ls,
          ontoclasm_vaults_idyll, nicolae_vaults_little_squares_2,
          grunt_vaults_bifocal, nicolae_vaults_little_squares_2,
          nicolae_vaults_statue_guard, nicolae_vaults_network_periphery,
          v_rooms_5, nicolae_vaults_diagonal_hallway_8, layout_vaults_maze,
          uniq_margery
Vaults:3: mu_enter_wizlab_4, v_alt_pattern_2, ontoclasm_vaults_chip,
          v_alt_pattern_3, v_misc_24, st_star, hangedman_vaults_capsules,
          vaults_room_grid, v_alt_pattern_5, v_pattern_2,
          nicolae_vaults_sealed_display, layout_vaults_ring, serial_shops,
          nicolae_shop_window_shopping, uniq_nikola, uniq_bai_suzhen,
          uniq_frederick
Vaults:4: gammafunk_ghost_split, v_pattern_4, v_misc_9, hangedman_vaults_maws,
          v_alt_pattern_4, nicolae_vaults_bisected_slash,
          ontoclasm_vaults_ring_square, layout_vaults_chaotic_city,
          serial_shops, shop, uniq_zenata
Vaults:5: uniq_mennas
Crypt:1:  layout_chaotic_city, roderic_lattice_octagonal_star,
          grunt_crypt_arrival_webbed, uniq_josephina
Crypt:2:  layout_misc_corridors
Crypt:3:  due_elkab, layout_chaotic_city, ebering_ghost_reflecting_pool,
          uniq_boris, uniq_vv
Depths:1: layout_honeycomb, hell_entry, nicolae_vehumet_radiance,
          kennysheep_boxes, grunt_megastairs_4, serial_bayou_shore_a,
          uniq_sojobo
Depths:2: evilmike_negative_zone, layout_basic, enter_ziggurat_d,
          pf_coc_iceberg, rand_demon_pan_entry_3, good_gods_temple_1
Depths:3: grunt_arcs, layout_honeycomb, abyss_entry_flame_altar,
          rand_demon_pan_entry_1, infiniplex_staircase_pillars_1, serial_shops,
          shop, grunt_metal_band
Depths:4: grunt_zot_entry_gee_three, layout_long_grid,
          nicolae_dithmenos_through_a_glass_darkly, hangedman_geh_valley
Zot:1:    layout_onion_interference, grunt_megastairs_5
Zot:2:    layout_misc_corridors
Zot:3:    layout_onion_interference, gammafunk_ghost_necromancy, uniq_tiamat
Zot:4:    layout_cathedral_of_symmetry, ebering_ghost_xom, uniq_parghit
Zot:5:    layout_basic

Notes
Turn   | Place    | Note
-------+----------+-------------------------------------------
     0 | D:1      | demibob the Demonspawn Gladiator began the quest for the
                  | Orb.
     0 | D:1      | Reached XP level 1. HP: 16/16 MP: 1/1
   118 | D:1      | Reached skill level 3 in Staves
   182 | D:1      | Gained mutation: You regenerate a little health from kills.
                  | [demonic ancestry]
   182 | D:1      | Reached XP level 2. HP: 22/22 MP: 2/2
   651 | D:2      | Found Kerph's Antique Weapon Boutique.
   665 | D:2      | Gained mutation: You have a small tail. [demonic ancestry]
   665 | D:2      | Reached XP level 3. HP: 27/27 MP: 3/3
   708 | D:2      | Noticed Terence
   719 | D:2      | Killed Terence
   720 | D:2      | Reached skill level 4 in Staves
   793 | D:2      | Got the Excursus on Rocky Bombardment
   831 | D:2      | Reached XP level 4. HP: 33/33 MP: 4/4
   969 | D:2      | Found a runed translucent door.
   970 | D:2      | Noticed Crazy Yiuf
  1069 | D:2      | Noticed Natasha
  1076 | D:2      | Killed Natasha
  1280 | D:3      | Noticed Sigmund
  1295 | D:3      | Killed Sigmund
  1296 | D:3      | Reached skill level 6 in Staves
  1296 | D:3      | Reached XP level 5. HP: 38/38 MP: 5/5
  1303 | D:3      | Found a glowing drain.
  1320 | Sewer    | Entered a sewer
  1338 | Sewer    | Gained mutation: You have a somewhat thin skeletal
                  | structure. (Dex +2, Stealth+) [demonic ancestry]
  1338 | Sewer    | Reached XP level 6. HP: 44/44 MP: 6/6
  1492 | Sewer    | Reached skill level 7 in Staves
  1682 | Sewer    | Reached XP level 7. HP: 21/50 MP: 7/7
  2096 | D:3      | Reached skill level 8 in Staves
  2253 | D:3      | Identified a potion of experience
  2253 | D:3      | Reached skill level 13 in Staves
  2253 | D:3      | Reached XP level 8. HP: 23/56 MP: 8/8
  2396 | D:3      | Noticed Ijyb
  2639 | D:3      | Killed Ijyb
  3201 | D:4      | Found a broken altar of Ashenzari.
  3282 | D:4      | Found a radiant altar of Vehumet.
  3380 | D:4      | Found a sacrificial altar of Ru.
  3647 | D:4      | Noticed Blork the orc
  3659 | D:4      | Killed Blork the orc
  3872 | D:4      | Reached skill level 14 in Staves
  3988 | D:5      | Entered Level 5 of the Dungeon
  4060 | D:5      | Found a snail-covered altar of Cheibriados.
  4498 | D:5      | Reached skill level 3 in Dodging
  4498 | D:5      | Reached XP level 9. HP: 53/62 MP: 9/9
  4610 | D:5      | Identified the +6 falchion of Execution {holy, rPois rF-
                  | rCorr Str+4}
  4821 | D:5      | Reached skill level 3 in Fighting
  5099 | D:4      | Became a worshipper of Ashenzari the Shackled
  5282 | D:6      | Found Ceotuov's Antique Armour Shoppe.
  5322 | D:6      | Reached skill level 4 in Dodging
  5334 | D:6      | Reached skill level 4 in Fighting
  5470 | D:6      | Identified a scroll of acquirement
  5470 | D:6      | Acquired a +5 ring of evasion
  5743 | D:6      | Found a basalt altar of Yredelemnul.
  5865 | D:6      | Found a runed translucent door.
  5867 | D:6      | Found a runed translucent door.
  5933 | D:6      | Reached skill level 5 in Fighting
  5933 | D:6      | Reached skill level 5 in Dodging
  6164 | D:6      | Gained mutation: You have a tail ending in a sharp stinger.
                  | [demonic ancestry]
  6164 | D:6      | Reached XP level 10. HP: 74/74 MP: 10/10
  6243 | D:7      | Noticed Menkaure
  6252 | D:7      | Killed Menkaure
  6256 | D:7      | Found a staircase to the Ecumenical Temple.
  6279 | D:7      | Found a sand-covered staircase.
  6285 | Ossuary  | Entered an ossuary
  6496 | Ossuary  | Identified 2 potions of resistance
  6526 | D:7      | Acquired 949 gold pieces
  6633 | D:7      | Found a sparkling altar of Nemelex Xobeh.
  6639 | D:7      | Reached skill level 6 in Fighting
  6820 | D:7      | Found Faubuass's General Store.
  6823 | D:7      | Bought the +0 acid dragon scales of Mezcal {rPois rC+ rCorr
                  | Dex+3 Stlth-} for 820 gold pieces
  7140 | D:8      | Found a hide-covered altar of Uskayaw.
  7185 | D:8      | Reached skill level 6 in Dodging
  7205 | D:8      | Found a staircase to the Lair.
  7213 | D:8      | Reached skill level 1 in Evocations
  7302 | D:8      | Reached skill level 2 in Evocations
  7375 | D:8      | Noticed Prince Ribbit
  7381 | D:8      | Killed Prince Ribbit
  7409 | D:8      | Reached skill level 3 in Evocations
  7421 | D:8      | Noticed a deep elf pyromancer
  7438 | D:8      | Killed a deep elf pyromancer
  7579 | D:8      | Found an ancient bone altar of Kikubaaqudgha.
  7615 | D:8      | Reached skill level 7 in Dodging
  7819 | D:8      | Reached skill level 4 in Evocations
  7819 | D:8      | Reached XP level 11. HP: 83/83 MP: 11/11
  8058 | D:8      | Reached skill level 5 in Evocations
  8258 | D:9      | Found a flagged portal.
  8273 | Bailey   | Entered a bailey
  8854 | D:9      | Identified the +5 chain mail "Getomiti" {rPois Str+3 Dex+3}
  9039 | D:9      | Reached skill level 1 in Armour
  9039 | D:9      | Reached skill level 6 in Evocations
  9131 | D:9      | Reached * piety under Ashenzari
  9504 | D:10     | Entered Level 10 of the Dungeon
  9510 | D:10     | Reached skill level 2 in Armour
  9619 | D:10     | Reached skill level 3 in Armour
  9683 | D:10     | Found a staircase to the Orcish Mines.
  9715 | D:10     | Reached skill level 4 in Armour
 10096 | D:10     | Noticed a centaur warrior
 10111 | D:10     | Killed a centaur warrior
 10112 | D:10     | Reached skill level 5 in Armour
 10411 | D:10     | Identified the +2 robe of Woow {+Blink rC- Str+3}
 10530 | D:11     | Noticed a centaur warrior
 10530 | D:11     | Noticed a skeletal warrior
 10530 | D:11     | Noticed a tengu warrior
 10530 | D:11     | Noticed a four-headed hydra
 10530 | D:11     | Noticed a white ugly thing
 10530 | D:11     | Noticed a two-headed ogre
 10581 | Lair:1   | Entered Level 1 of the Lair of Beasts
 10665 | Lair:1   | Reached skill level 6 in Armour
 10813 | Lair:1   | Gained mutation: Your demonic aura sometimes causes spilled
                  | blood to erupt in flames. [demonic ancestry]
 10813 | Lair:1   | Reached XP level 12. HP: 92/92 MP: 12/12
 10907 | Lair:1   | Noticed a boulder beetle
 10917 | Lair:1   | Killed a boulder beetle
 10918 | Lair:1   | Reached skill level 7 in Armour
 10966 | Lair:1   | Reached ** piety under Ashenzari
 11188 | Lair:2   | Noticed Amaemon
 11202 | Lair:2   | Killed Amaemon
 11203 | Lair:2   | Reached skill level 8 in Armour
 11294 | Lair:2   | Noticed Nergalle
 11316 | Lair:2   | Reached skill level 9 in Armour
 11331 | Lair:2   | Killed Nergalle
 11348 | Lair:2   | Noticed Sonja
 11349 | Lair:2   | Sonja changed into Sonja the black mamba
 11349 | Lair:2   | Noticed Sonja
 11352 | Lair:2   | Killed Sonja the black mamba
 11382 | Lair:2   | Reached skill level 10 in Armour
 11382 | Lair:2   | Found a hole to the Spider Nest.
 11676 | Lair:2   | Noticed a six-headed hydra
 11685 | Lair:2   | Killed a six-headed hydra
 11966 | Lair:2   | Noticed a six-headed hydra
 11974 | Lair:2   | Killed a six-headed hydra
 12199 | Lair:2   | Found a staircase to the Swamp.
 12208 | Lair:2   | Reached skill level 11 in Armour
 12488 | Lair:3   | Gained mutation: You regenerate health from kills. [demonic
                  | ancestry]
 12488 | Lair:3   | Reached XP level 13. HP: 72/100 MP: 10/13
 12876 | Lair:3   | Reached skill level 12 in Armour
 13479 | Lair:4   | Found a viscous altar of Jiyva.
 13528 | Lair:4   | Reached skill level 13 in Armour
 13857 | Lair:4   | Found a staircase to the Slime Pits.
 14148 | Lair:5   | Entered Level 5 of the Lair of Beasts
 14252 | Lair:4   | Reached skill level 14 in Armour
 14598 | Lair:5   | Reached XP level 14. HP: 94/106 MP: 11/14
 14740 | Lair:5   | Found a runed translucent door.
 14770 | Lair:5   | Reached skill level 15 in Armour
 15744 | Lair:5   | Reached skill level 16 in Armour
 15926 | Orc:1    | Entered Level 1 of the Orcish Mines
 16087 | Orc:1    | Found a dark tunnel.
 16162 | Orc:1    | Noticed Gastronok
 16172 | Orc:1    | Killed Gastronok
 16185 | Orc:1    | Reached *** piety under Ashenzari
 16449 | Orc:2    | Entered Level 2 of the Orcish Mines
 16507 | Orc:2    | Found a staircase to the Elven Halls.
 16512 | Orc:2    | Reached skill level 7 in Fighting
 16546 | Orc:2    | Reached skill level 1 in Earth Magic
 16559 | Orc:2    | Reached **** piety under Ashenzari
 16766 | Orc:2    | Identified a +1 robe of the Archmagi
 16779 | Orc:2    | Reached skill level 2 in Earth Magic
 16818 | Orc:2    | Found Goka's Weapon Boutique.
 16818 | Orc:2    | Found Rier's Antique Weapon Shop.
 16818 | Orc:2    | Found Viechaelli's Jewellery Boutique.
 16825 | Orc:2    | Found Udwelur's Armour Shop.
 17223 | Orc:2    | Reached skill level 3 in Earth Magic
 17264 | Orc:2    | Found Kynwun Weed's Armour Boutique.
 17267 | Orc:2    | Bought the +1 cloak "Peoruoss" {Will+} for 287 gold pieces
 17571 | D:10     | Reached skill level 8 in Fighting
 17602 | D:11     | Reached skill level 4 in Earth Magic
 17773 | D:11     | Reached skill level 1 in Spellcasting
 17921 | D:11     | Identified the +0 leather armour of Ifinus {rF+}
 18287 | D:12     | Reached skill level 2 in Spellcasting
 18460 | D:12     | Identified a +2 robe of the Archmagi
 18460 | D:12     | Noticed Josephine
 18468 | D:12     | Killed Josephine
 18472 | D:12     | Reached skill level 9 in Fighting
 18479 | D:12     | Gained mutation: You regenerate a lot of health from kills.
                  | [demonic ancestry]
 18479 | D:12     | Reached XP level 15. HP: 122/122 MP: 19/23
 18484 | D:12     | Noticed Snorg
 18495 | D:12     | Killed Snorg
 18581 | D:12     | Reached skill level 3 in Spellcasting
 18628 | D:12     | Found Wocan's Gadget Gallery.
 18636 | D:12     | Bought a wand of mindburst (12) for 235 gold pieces
 18636 | D:12     | Bought a wand of iceblast (5) for 168 gold pieces
 18636 | D:12     | Bought a wand of mindburst (12) for 235 gold pieces
 18636 | D:12     | Bought a wand of iceblast (4) for 134 gold pieces
 18636 | D:12     | Bought a wand of paralysis (5) for 168 gold pieces
 18636 | D:12     | Bought a wand of paralysis (2) for 67 gold pieces
 18953 | D:13     | Found a large runed translucent door.
 18956 | D:13     | Found a large runed translucent door.
 18957 | D:13     | Found a large runed translucent door.
 18960 | D:13     | Found a large runed translucent door.
 19220 | D:13     | Reached skill level 7 in Evocations
 19478 | D:13     | Reached skill level 10 in Fighting
 19535 | D:13     | Found a large runed translucent door.
 19536 | D:13     | Found a large runed translucent door.
 19536 | D:13     | Identified the Handbook of Effluvium and Elsewhere
 19892 | D:13     | Reached skill level 8 in Evocations
 19971 | D:13     | Found a large runed translucent door.
 19974 | D:13     | Found a large runed translucent door.
 19978 | D:13     | Reached ***** piety under Ashenzari
 20132 | D:14     | Found a gate to the Vaults.
 20148 | D:14     | Noticed Lodul
 20160 | D:14     | Killed Lodul
 20238 | D:14     | Reached skill level 11 in Fighting
 20249 | D:14     | Found an iron altar of Okawaru.
 20654 | D:14     | Found an ornate altar of the Wu Jian Council.
 20704 | D:14     | Noticed Agnes
 20718 | D:14     | Reached skill level 9 in Evocations
 20718 | D:14     | Noticed Nessos
 20720 | D:14     | Killed Agnes
 20725 | D:14     | Nessos changed into Nessos the death drake
 20725 | D:14     | Noticed Nessos
 20743 | D:14     | Killed Nessos the death drake
 20914 | D:15     | Entered Level 15 of the Dungeon
 21471 | D:15     | Reached skill level 10 in Evocations
 21474 | D:15     | Found a staircase to the Depths.
 21490 | D:15     | Reached skill level 12 in Fighting
 22312 | Swamp:1  | Entered Level 1 of the Swamp
 22367 | Swamp:1  | Reached XP level 16. HP: 119/139 MP: 21/26
 23064 | Swamp:2  | Reached skill level 11 in Evocations
 23378 | Swamp:2  | Reached skill level 13 in Fighting
 23384 | Swamp:2  | Reached ****** piety under Ashenzari
 23528 | Swamp:2  | Reached skill level 1 in Conjurations
 23779 | Swamp:3  | Reached skill level 2 in Conjurations
 23810 | Swamp:3  | Noticed Mara
 23823 | Swamp:3  | Killed Mara
 23824 | Swamp:3  | Reached skill level 3 in Conjurations
 23989 | Swamp:3  | Reached skill level 4 in Conjurations
 24044 | Swamp:3  | Identified the +2 great sword of Nuamopn {flame, Fly}
 24483 | Swamp:4  | Entered Level 4 of the Swamp
 24564 | Swamp:4  | Reached skill level 5 in Conjurations
 24787 | Swamp:4  | Reached skill level 5 in Earth Magic
 24809 | Swamp:4  | Noticed a tentacled monstrosity
 24821 | Swamp:4  | Killed a tentacled monstrosity
 24925 | Swamp:4  | Reached skill level 6 in Conjurations
 25111 | Swamp:4  | Reached skill level 6 in Earth Magic
 25231 | Swamp:4  | Reached skill level 7 in Conjurations
 25234 | Swamp:4  | Gained mutation: Your demonic aura often causes spilled
                  | blood to erupt in flames. [demonic ancestry]
 25234 | Swamp:4  | Reached XP level 17. HP: 125/145 MP: 17/28
 25486 | Swamp:4  | Identified a +2 robe of resistance
 25505 | Swamp:4  | Reached skill level 7 in Earth Magic
 25598 | Swamp:4  | Reached skill level 8 in Conjurations
 25757 | Swamp:4  | Found a basalt altar of Yredelemnul.
 25986 | Swamp:4  | Found a blossoming altar of Fedhas.
 26148 | Swamp:4  | Got a decaying rune of Zot
 26232 | Swamp:4  | Acquired a staff of earth
 26509 | Vaults:1 | Entered Level 1 of the Vaults
 26597 | Vaults:1 | Reached skill level 8 in Earth Magic
 26725 | Vaults:1 | Noticed Asterion
 26729 | Vaults:1 | Killed Asterion
 26730 | Vaults:1 | Reached skill level 9 in Conjurations
 26840 | Vaults:1 | Identified the +3 ring mail "Xeschehun" {rPois rC++ Regen+}
 26841 | Vaults:1 | Found Cuugh's Antique Weapon Boutique.
 26865 | Vaults:1 | Found Jul Roan's Jewellery Boutique.
 26871 | Vaults:1 | Bought the ring "Zaej" {Wiz Fly rPois Will+} for 635 gold
                  | pieces
 27128 | Vaults:1 | Found Yblothrua's Weapon Boutique.
 27291 | Vaults:1 | Reached skill level 9 in Earth Magic
 27588 | Vaults:1 | Found Zeeggyeg's Jewellery Shoppe.
 28490 | Vaults:2 | Reached skill level 17 in Armour
 28601 | Vaults:2 | Noticed Margery
 28612 | Vaults:2 | Killed Margery
 28619 | Vaults:2 | Found a staircase to the Crypt.
 28888 | Vaults:2 | HP: 13/130 [hell knight/+5 broad axe of draining[Margery]
                  | (2)]
 28894 | Vaults:2 | HP: 11/116 [hell knight/+5 broad axe of draining[Margery]
                  | (2)]
 29154 | Vaults:2 | Reached skill level 10 in Earth Magic
 29265 | Vaults:2 | Reached XP level 18. HP: 120/139 MP: 12/28
 30263 | Vaults:3 | Noticed a tentacled monstrosity
 30272 | Vaults:3 | Reached skill level 11 in Earth Magic
 30276 | Vaults:3 | Killed a tentacled monstrosity
 30336 | Vaults:3 | Noticed Nikola
 30356 | Vaults:3 | Killed Nikola
 30371 | Vaults:3 | Identified the +7 hand axe of Success {freeze, rElec rF+
                  | Dex-2}
 30382 | Vaults:3 | Found a magical portal.
 30391 | WizLab   | Entered Alistair's Party Mansion
 30539 | WizLab   | Reached skill level 18 in Armour
 30913 | WizLab   | Reached skill level 4 in Spellcasting
 30950 | WizLab   | Reached skill level 12 in Earth Magic
 30998 | WizLab   | Acquired the +1 hat of Summer {Fly Int+5 Dex+3}
 31000 | WizLab   | Acquired 662 gold pieces
 31195 | Vaults:3 | Noticed Frederick
 31212 | Vaults:3 | Killed Frederick
 31213 | Vaults:3 | Reached skill level 5 in Spellcasting
 31313 | Vaults:1 | Bought the ring of the Hare {EV+10} for 1792 gold pieces
 31313 | Vaults:1 | Found the ring of the Hare {EV+10}
 31559 | Spider:1 | Entered Level 1 of the Spider Nest
 32216 | Spider:1 | Identified the +1 leather armour of Beyond {Str-3 Dex+4}
 32286 | Spider:1 | Reached skill level 6 in Spellcasting
 32640 | Spider:1 | Found a hide-covered altar of Uskayaw.
 33502 | Spider:2 | Found a frozen archway.
 33673 | Spider:2 | Reached XP level 19. HP: 65/161 MP: 8/33
 33949 | Spider:2 | Reached skill level 13 in Earth Magic
 33963 | Spider:2 | Reached skill level 7 in Spellcasting
 35313 | Spider:3 | Noticed Louise
 35324 | Spider:3 | Killed Louise
 35325 | Spider:3 | Reached skill level 8 in Spellcasting
 35373 | Spider:3 | Identified Roxanne's Folio of Transmutation
 35373 | Spider:3 | Noticed Roxanne
 35401 | Spider:3 | Killed Roxanne
 35409 | Spider:3 | Learned a level 4 spell: Petrify
 35480 | Spider:3 | Noticed Donald
 35504 | Spider:3 | Killed Donald
 36311 | Spider:3 | Gained mutation: You occasionally shout uncontrollably at
                  | your foes. [mutagenic glow]
 36607 | Spider:3 | Reached skill level 1 in Shields
 37458 | Spider:4 | Entered Level 4 of the Spider Nest
 37913 | Vaults:3 | Reached skill level 2 in Shields
 37992 | Vaults:3 | Reached skill level 14 in Earth Magic
 38040 | Vaults:3 | Reached skill level 3 in Shields
 38259 | Vaults:3 | Noticed an ancient lich
 38293 | Vaults:3 | Killed an ancient lich
 38294 | Vaults:3 | Reached skill level 4 in Shields
 38966 | Vaults:3 | Noticed Bai Suzhen
 38991 | Vaults:3 | Killed Bai Suzhen
 38992 | Vaults:3 | Reached skill level 5 in Shields
 38995 | Vaults:3 | Found Giamm's Armour Emporium.
 39472 | Vaults:4 | Lost mutation: You occasionally shout uncontrollably at
                  | your foes. [potion of mutation]
 39472 | Vaults:4 | Gained mutation: You are clumsy. (Dex -2) [potion of
                  | mutation]
 39472 | Vaults:4 | Gained mutation: You are robust. (+10% HP) [potion of
                  | mutation]
 39482 | Vaults:4 | Found Extarra Ohao's Magic Scroll Boutique.
 39504 | Vaults:4 | Bought a scroll of blinking for 105 gold pieces
 39504 | Vaults:4 | Bought a scroll of blinking for 105 gold pieces
 39504 | Vaults:4 | Bought a scroll of enchant armour for 105 gold pieces
 39504 | Vaults:4 | Bought a scroll of enchant armour for 105 gold pieces
 39504 | Vaults:4 | Bought a scroll of teleportation for 42 gold pieces
 39512 | Vaults:4 | Learned a level 5 spell: Borgnjor's Vile Clutch
 39706 | Vaults:4 | Noticed Zenata
 39725 | Vaults:4 | HP: 17/172 [poisoned by a +1 dire flail of venom]
 40419 | Vaults:4 | Reached skill level 15 in Earth Magic
 40826 | Vaults:4 | Gained mutation: You have a sharp stinger which inflicts
                  | weakening toxins. [demonic ancestry]
 40826 | Vaults:4 | Reached XP level 20. HP: 180/180 MP: 34/34
 41022 | Vaults:4 | Found a runed translucent gate.
 41022 | Vaults:4 | Noticed Leriaza's ghost (veteran DsVM)
 41023 | Vaults:4 | Found a runed translucent gate.
 41023 | Vaults:4 | Found a runed translucent gate.
 41023 | Vaults:4 | Noticed a dread lich
 41048 | Vaults:4 | Killed Zenata
 41049 | Vaults:4 | Reached skill level 12 in Evocations
 41220 | Vaults:4 | Learned a level 8 spell: Lehudib's Crystal Spear
 41779 | Elf:1    | Entered Level 1 of the Elven Halls
 41915 | Elf:1    | Found a transporter.
 41974 | Elf:1    | Found a transporter.
 41992 | Elf:1    | Found a one-way gate to the infinite horrors of the Abyss.
 41992 | Elf:1    | Noticed Kyerol's ghost (adept TeSu)
 42369 | Elf:1    | Identified the Precepts of the Entourage
 42378 | Elf:1    | Paralysed by an air elemental for 1 turns
 42794 | Elf:1    | Reached skill level 13 in Evocations
 42976 | Elf:2    | Identified the +8 long sword of Xuupovust {pain, Str+4}
 42979 | Elf:2    | Reached skill level 16 in Earth Magic
 43038 | Elf:2    | Reached skill level 14 in Fighting
 43220 | Elf:2    | Identified the Quarto of the Crushed Knaves
 43613 | Elf:2    | Found a runed translucent door.
 43642 | Elf:2    | Found a runed translucent door.
 43857 | Elf:3    | Entered Level 3 of the Elven Halls
 43882 | Elf:3    | Paralysed by an air elemental for 1 turns
 44105 | Elf:3    | Reached skill level 10 in Conjurations
 45818 | Elf:3    | Identified the +5 quarterstaff of Valiance {heavy, rC+
                  | Int+2 Dex+6}
 45818 | Elf:3    | Identified the ring "Qivvuw" {rF+ Dex+5}
 45833 | Elf:3    | Gained mutation: You have a moderately thin skeletal
                  | structure. (Dex +4, Stealth++) [demonic ancestry]
 45833 | Elf:3    | Reached XP level 21. HP: 186/194 MP: 31/36
 45836 | Elf:3    | Identified the ring of Wuoqil {rElec rF+++ Will- MP+9 EV+5}
 45845 | Elf:3    | Reached skill level 15 in Fighting
 45848 | Elf:3    | Identified the +2 buckler "Wuew" {rN+++ Regen+ Dex-5
                  | Stlth-}
 45852 | Elf:3    | Reached skill level 11 in Conjurations
 45874 | Elf:3    | Identified the ring "Qinko" {rElec Will- MP+9 Str+3}
 46033 | Elf:3    | Identified the ring of Vehumet's Scorn {Wiz Int+6}
 46033 | Elf:3    | Identified the +2 whip of Puesaul {heavy, *Noise rC+ Str+4
                  | Stlth-}
 46033 | Elf:3    | Identified the Codex of Guile and Spelunking
 46035 | Elf:3    | Identified the +5 battleaxe of Cheibriados's Respect {vamp,
                  | rElec Int+2}
 46165 | Elf:3    | Found the +2 shield of Resistance {rF++ rC++ Will++}
 46536 | Spider:4 | Reached skill level 6 in Shields
 47315 | Spider:4 | Reached skill level 7 in Shields
 47599 | Spider:4 | Reached skill level 12 in Conjurations
 47796 | Spider:4 | Acquired a +1 pair of boots of rampaging
 48288 | Spider:4 | Identified the +3 hat of Claustrophobia {rN+++ rCorr Int+2
                  | Dex-2}
 48330 | Spider:4 | Got a gossamer rune of Zot
 49110 | Crypt:1  | Entered Level 1 of the Crypt
 49291 | Crypt:1  | Reached skill level 8 in Shields
 50545 | Crypt:2  | Noticed a curse skull
 50571 | Crypt:2  | Reached skill level 13 in Conjurations
 50601 | Crypt:2  | Killed a curse skull
 50744 | Crypt:2  | Reached skill level 9 in Shields
 51267 | Crypt:2  | Learned a level 2 spell: Wereblood
 51560 | Crypt:2  | Learned a level 4 spell: Leda's Liquefaction
 51736 | Crypt:3  | Entered Level 3 of the Crypt
 51884 | Crypt:3  | Noticed Boris
 52063 | Crypt:3  | Found a runed translucent door.
 52111 | Crypt:3  | Reached skill level 10 in Shields
 52265 | Crypt:3  | Noticed Vetoew's ghost (veteran DsSu)
 52624 | Depths:1 | Entered Level 1 of the Depths
 52638 | Depths:1 | Reached skill level 14 in Conjurations
 52670 | D:15     | Gained mutation: You punish those that try to bend your
                  | will. (Will+) [demonic ancestry]
 52670 | D:15     | Reached XP level 22. HP: 200/200 MP: 26/36
 52734 | Depths:1 | Noticed Sojobo
 53112 | D:15     | Killed Sojobo
 53306 | Depths:1 | Found a radiant altar of Vehumet.
 53345 | Depths:1 | Found a gateway to Hell.
 54297 | Depths:2 | Paralysed by a floating eye for 4 turns
 54350 | Depths:2 | Reached skill level 11 in Shields
 54452 | Depths:2 | Found an ancient bone altar of Kikubaaqudgha.
 54580 | Depths:2 | Reached skill level 15 in Conjurations
 55080 | Depths:2 | Found a one-way gate leading to the halls of Pandemonium.
 55320 | Depths:2 | Found a one-way gateway to a ziggurat.
 55928 | Depths:2 | Identified the ring of the Ego {rPois EV+5 Str+8 Slay-3
                  | SInv}
 56424 | Depths:2 | Reached skill level 16 in Conjurations
 56570 | Depths:3 | Noticed a golden dragon
 56609 | Depths:3 | Killed a golden dragon
 56798 | Depths:3 | Noticed a juggernaut
 56826 | Depths:3 | Killed a juggernaut
 56845 | Depths:3 | Gained mutation: You are resistant to unholy torment.
                  | [demonic ancestry]
 56845 | Depths:3 | Reached XP level 23. HP: 83/211 MP: 16/38
 56852 | Depths:3 | Noticed a caustic shrike
 56863 | Depths:3 | Noticed a caustic shrike
 56867 | Depths:3 | Noticed a caustic shrike
 56869 | Depths:3 | Killed a caustic shrike
 56870 | Depths:3 | Reached skill level 16 in Fighting
 56871 | Depths:3 | Noticed a caustic shrike
 56880 | Depths:3 | Killed a caustic shrike
 56881 | Depths:3 | Reached skill level 17 in Conjurations
 56881 | Depths:3 | Killed a caustic shrike
 56906 | Depths:3 | Killed a caustic shrike
 56976 | Depths:3 | Identified the ring of Reimbursement {AC+4 Dex+3}
 56977 | Depths:3 | Identified the +5 quarterstaff of Bloody Death {flame,
                  | Drain rF++ rN+ Int+3}
 57185 | Depths:3 | Identified the +1 plate armour "Paynamue" {Int+2}
 57250 | Depths:3 | Found a corrupted altar of Lugonu.
 57288 | Depths:3 | Identified Ennuis's Papyrus of Points
 57304 | Depths:3 | Noticed a caustic shrike
 57305 | Depths:3 | Noticed a caustic shrike
 57306 | Depths:3 | Noticed a caustic shrike
 57311 | Depths:3 | Killed a caustic shrike
 57312 | Depths:3 | Gained mutation: Your demonic aura causes all spilled blood
                  | to erupt in flames. [demonic ancestry]
 57312 | Depths:3 | Reached XP level 24. HP: 220/220 MP: 38/38
 57319 | Depths:3 | Killed a caustic shrike
 57331 | Depths:3 | Killed a caustic shrike
 57517 | Depths:3 | Noticed a caustic shrike
 57520 | Depths:3 | Noticed a caustic shrike
 57521 | Depths:3 | Noticed a caustic shrike
 57522 | Depths:3 | Noticed a caustic shrike
 57526 | Depths:3 | Killed a caustic shrike
 57532 | Depths:3 | Killed a caustic shrike
 57541 | Depths:3 | Killed a caustic shrike
 57881 | Depths:3 | Found Xuffeudo's Assorted Antiques.
 57901 | Depths:3 | Bought a potion of might for 136 gold pieces
 57901 | Depths:3 | Bought a potion of might for 136 gold pieces
 57901 | Depths:3 | Bought a potion of curing for 102 gold pieces
 57901 | Depths:3 | Bought a scroll of teleportation for 102 gold pieces
 57901 | Depths:3 | Bought a scroll of teleportation for 102 gold pieces
 57901 | Depths:3 | Bought a potion of haste for 340 gold pieces
 57901 | Depths:3 | Bought a scroll of magic mapping for 255 gold pieces
 57938 | Depths:3 | Reached skill level 17 in Fighting
 58065 | Depths:3 | Killed a caustic shrike
 58066 | Depths:3 | Reached skill level 18 in Conjurations
 58100 | Depths:3 | Noticed a caustic shrike
 58119 | Depths:3 | Killed a caustic shrike
 58970 | Crypt:3  | Killed Boris
 60628 | Crypt:3  | Noticed a royal mummy
 60644 | Crypt:3  | Killed a royal mummy
 60664 | Crypt:3  | Noticed Vv
 60699 | Crypt:3  | Killed Vv
 60700 | Crypt:3  | Reached skill level 8 in Dodging
 61082 | Crypt:3  | Found a staircase to the Tomb.
 61400 | Crypt:3  | Identified the ring "Setenaf" {rN+ MP+9 Int-4 Slay+2}
 61400 | Crypt:3  | Identified the ring "Jyig" {rN+ rCorr}
 61400 | Crypt:3  | Identified the ring "Kaill" {rF+ rN+ Str+2}
 61651 | Crypt:3  | Noticed a dread lich
 61663 | Crypt:3  | Killed a dread lich
 61719 | Crypt:3  | Identified the +5 ring mail "Qopn" {Int+7}
 61999 | Vaults:5 | Entered Level 5 of the Vaults
 62019 | Vaults:4 | Reached skill level 19 in Conjurations
 62156 | Vaults:4 | Reached skill level 9 in Dodging
 62359 | Vaults:5 | Found Weawuj's Antique Weapon Shoppe.
 62360 | Vaults:5 | Noticed Mennas
 62379 | Vaults:5 | Killed Mennas
 62490 | Vaults:5 | Got a silver rune of Zot
 63023 | Vaults:5 | a rockslime changed into a caustic shrike
 63023 | Vaults:5 | Noticed a caustic shrike (glowing shapeshifter)
 63029 | Vaults:5 | a caustic shrike changed into an iron giant
 63046 | Vaults:5 | Gained mutation: You have an unnaturally thin skeletal
                  | structure. (Dex +6, Stealth+++) [demonic ancestry]
 63046 | Vaults:5 | Reached XP level 25. HP: 143/224 MP: 18/38
 63322 | Vaults:5 | Reached skill level 20 in Conjurations
 63377 | Vaults:5 | Noticed an ancient lich
 63407 | Vaults:5 | Killed an ancient lich
 63470 | Vaults:5 | Reached skill level 14 in Evocations
 63625 | Vaults:5 | Noticed an ancient lich
 63634 | Vaults:5 | Killed an ancient lich
 64144 | Vaults:5 | Identified Sif Muna's Compendium of the Supportive
                  | Graveyard
 64144 | Vaults:5 | Identified the Anthology of Moving Frostbite
 64144 | Vaults:5 | Identified the +6 short sword "Apeunlam" {spect, Str+4}
 64821 | Depths:4 | Entered Level 4 of the Depths
 64927 | Depths:4 | Reached skill level 15 in Evocations
 65519 | Depths:4 | Reached skill level 21 in Conjurations
 66064 | Depths:4 | Found a gate to the Realm of Zot.
 66301 | Depths:4 | Found a shadowy altar of Dithmenos.
 66577 | Depths:4 | Upgraded the game from 0.30-a0-743-gbfdf073431 to
                  | 0.30-a0-748-ge6a52f7cba
 66584 | Zot:1    | Entered Level 1 of the Realm of Zot
 66766 | Zot:1    | Reached skill level 16 in Evocations
 67133 | Zot:1    | Reached skill level 10 in Dodging
 67613 | Zot:1    | Reached skill level 22 in Conjurations
 67624 | Zot:1    | Reached XP level 26. HP: 67/239 MP: 11/38
 67751 | Zot:1    | Reached skill level 11 in Dodging
 67900 | Zot:1    | Identified the ring "Beklaru" {AC+4 Int+5}
 68306 | Zot:2    | Noticed an electric golem
 68324 | Zot:2    | Killed an electric golem
 68669 | Zot:2    | Reached skill level 18 in Fighting
 69314 | Zot:3    | Found the +4 dragonskin cloak
 69314 | Zot:3    | Noticed Tiamat
 69654 | Zot:2    | Killed Tiamat
 70072 | Zot:3    | Noticed an electric golem
 70318 | Zot:3    | Found a runed translucent gate.
 70345 | Zot:3    | Found a runed translucent gate.
 70387 | Zot:3    | Reached skill level 23 in Conjurations
 70671 | Zot:2    | Reached skill level 19 in Fighting
 70875 | Zot:3    | Killed an electric golem
 71321 | Zot:3    | Found a runed translucent gate.
 71323 | Zot:3    | Noticed Dawneret's ghost (master GnFi)
 71348 | Zot:3    | Noticed a curse toe
 71483 | Zot:3    | Identified the +4 ring mail of Impatience {Int+3}
 71588 | Zot:4    | Noticed Parghit
 71596 | Zot:3    | HP: 23/244 [constriction (4)]
 71597 | Zot:3    | HP: 9/244 [storm dragon (6)]
 71930 | Zot:2    | Acquired 821 gold pieces
 72526 | Zot:3    | Killed Parghit
 73364 | Zot:4    | Found a runed translucent door.
 73365 | Zot:4    | Found a shimmering altar of Xom.
 73365 | Zot:4    | Noticed Dawneret's ghost (master GnFi)
 73563 | Zot:5    | Entered Level 5 of the Realm of Zot
 73733 | Zot:5    | Reached skill level 20 in Fighting
 73825 | Zot:5    | Reached skill level 24 in Conjurations
 73991 | Zot:5    | Upgraded the game from 0.30-a0-748-ge6a52f7cba to
                  | 0.30-a0-757-ga6a79fd877
 74090 | Zot:5    | Noticed an ancient lich
 74124 | Zot:5    | Killed an ancient lich
 74125 | Zot:5    | Gained mutation: You can hurl damnation. [demonic ancestry]
 74125 | Zot:5    | Reached XP level 27. HP: 202/256 MP: 34/38
 74134 | Zot:5    | Noticed an orb of fire
 74154 | Zot:5    | Killed an orb of fire
 74209 | Zot:5    | Noticed an ancient lich
 74270 | Zot:4    | Identified the cursed +0 pair of gloves of the Eye in the
                  | Sky {Range, Elem} (You found it on level 4 of the Dungeon)
 74270 | Zot:4    | Identified the cursed +8 fire dragon scales of Ashenzari's
                  | Activism {rF++ rC-, Fort, Evo} (You found it on level 2 of
                  | the Vaults)
 74270 | Zot:4    | Identified the cursed amulet "Seer of the Cursed God"
                  | {Spirit, Evo, Cun} (You found it on level 9 of the Dungeon)
 74642 | Zot:4    | Reached skill level 21 in Fighting
 75378 | Slime:1  | Entered Level 1 of the Pits of Slime
 75437 | Slime:1  | Gained mutation: You occasionally lose the ability to drink
                  | potions when taking damage. [a shining eye]
 75452 | Slime:1  | Lost mutation: You occasionally lose the ability to drink
                  | potions when taking damage. [potion of mutation]
 75452 | Slime:1  | Lost mutation: You are clumsy. (Dex -2) [potion of
                  | mutation]
 75452 | Slime:1  | Lost mutation: You are robust. (+10% HP) [potion of
                  | mutation]
 75452 | Slime:1  | Gained mutation: You expend magic power (3 MP) to
                  | strengthen your wands. [potion of mutation]
 75452 | Slime:1  | Gained mutation: You are strong-willed. (Will+) [potion of
                  | mutation]
 75452 | Slime:1  | Lost mutation: You expend magic power (3 MP) to strengthen
                  | your wands. [potion of mutation]
 75580 | Slime:5  | Entered Level 5 of the Pits of Slime
 75685 | Slime:5  | Found a viscous altar of Jiyva.
 75686 | Slime:5  | Noticed the Royal Jelly
 75686 | Slime:5  | Identified the Papyrus of the Shifting Cemetery
 75687 | Slime:5  | Identified the +3 dagger "Ekizehul" {drain, Str+2}
 75687 | Slime:5  | Identified the +3 ring mail "Muppux" {rF+ Dex+4}
 75712 | Slime:5  | Identified the Notes on Calescent Detritus
 75712 | Slime:5  | Identified the +2 plate armour of Tomorrow {Str+3}
 75758 | Slime:5  | Reached skill level 22 in Fighting
 75759 | Slime:5  | Killed the Royal Jelly
 75837 | Slime:5  | Identified the +1 halberd of Waaptit {distort, rPois
                  | Will++}
 75870 | Slime:5  | Got a slimy rune of Zot
 75895 | Slime:5  | Learned a level 6 spell: Iron Shot
 75963 | Lair:4   | Upgraded the game from 0.30-a0-757-ga6a79fd877 to
                  | 0.30-a0-760-g5a9884bb7c
 76471 | Zot:5    | Noticed an orb of fire
 76501 | Zot:5    | Gained mutation: You are vulnerable to heat. (rF-) [an orb
                  | of fire]
 76502 | Zot:5    | Killed an orb of fire
 76806 | Zot:5    | Killed an ancient lich
 77145 | Zot:5    | Reached skill level 23 in Fighting
 77151 | Zot:5    | Noticed an electric golem
 77183 | Zot:5    | Killed an electric golem
 77385 | Zot:5    | Noticed an electric golem
 77394 | Zot:5    | Killed an electric golem
 77463 | Zot:5    | Got the Orb of Zot
 77610 | Zot:1    | Noticed Damoasue the pandemonium lord
 78219 | D:$      | Escaped with the Orb!

Vanquished Creatures
  the Royal Jelly (Slime:5)
  A dread lich (Crypt:3)
  Mennas (Vaults:5)
  5 ancient liches
  2 orbs of fire (Zot:5)
  Mara (Swamp:3)
  A juggernaut (Depths:3)
  A royal mummy (Crypt:3)
  Sojobo (D:15)
  Boris (Crypt:3)
  Frederick (Vaults:3)
  Vv (Crypt:3)
  Bai Suzhen (Vaults:3)
  11 Killer Klowns
  Parghit (Zot:3)
  12 caustic shrikes (Depths:3)
  Nikola (Vaults:3)
  2 bone dragons (Depths:4)
  11 golden dragons
  A Tzitzimitl (Depths:2)
  4 electric golems
  Zenata (Vaults:4)
  20 tentacled monstrosities
  4 liches
  25 Orb Guardians
  5 deep elf blademasters (Elf:3)
  Asterion (Vaults:1)
  10 quicksilver dragons
  4 titans
  3 deep elf master archers (Elf:3)
  2 walking divine tomes (Depths:3)
  A walking frostbound tome (Depths:3)
  A tentacled starspawn (WizLab)
  14 acid blobs
  8 death cobs
  Gastronok (Orc:1)
  10 sphinxes
  15 shadow dragons
  2 thorn hunters (Swamp:4)
  Agnes (D:14)
  8 tengu reavers
  11 storm dragons
  Donald (Spider:3)
  3 revenants
  7 azure jellies
  A nagaraja (WizLab)
  12 rockslimes
  5 draconian knights
  4 draconian monks
  4 fire giants
  Roxanne (Spider:3)
  6 frost giants
  8 vault wardens
  An iron dragon (Vaults:5)
  6 deep elf sorcerers
  4 emperor scorpions
  A spectral caustic shrike (Depths:2)
  6 draconian scorchers
  A caustic shrike zombie (Depths:2)
  A juggernaut zombie (Depths:2)
  Louise (Spider:3)
  9 ghost moths
  A curse skull (Crypt:2)
  A cacodemon (D:11)
  9 ghouls
  2 spriggan defenders (Depths:3)
  4 war gargoyles
  15 ironbound preservers
  4 reapers
  2 caustic shrike skeletons (Depths:2)
  9 draconian annihilators
  An orc warlord (Vaults:2)
  2 draconian stormcallers
  6 quicksilver oozes (Slime:5)
  7 draconian shifters
  2 quicksilver oozes (shapeshifter)
  10 ironbound thunderhulks
  4 demonspawn corrupters (WizLab)
  8 vampire knights
  A juggernaut skeleton (Depths:2)
  6 stone giants
  11 black draconians
  15 green draconians
  26 very ugly things
  A spectral titan (Depths:2)
  6 deep elf demonologists
  15 white draconians
  A dire elephant (Vaults:2)
  A lorocyproca (Depths:1)
  8 red draconians
  7 deep elf annihilators
  10 eleionomae
  10 purple draconians
  11 yellow draconians
  10 spark wasps
  4 bunyips
  Snorg (D:12)
  2 eidola
  A quicksilver dragon zombie (Depths:2)
  17 deep elf death magi
  13 ettins
  Josephine (D:12)
  4 mummy priests (Crypt:3)
  11 fire dragons
  A merfolk javelineer (Depths:1)
  2 shambling mangroves (Swamp:4)
  6 jiangshi
  4 deep elf high priests
  11 entropy weavers
  4 ice dragons
  12 great orbs of eyes
  11 yaktaur captains
  30 vault guards
  2 rakshasas
  A jorogumo (Spider:3)
  2 spriggan zombies
  4 ironbound frosthearts
  16 hydras
  2 ogre magi
  3 ghost crabs (Swamp:4)
  A catoblepas (shapeshifter) (Vaults:5)
  2 peacekeepers (Vaults:3)
  2 radroaches
  12 centaur warriors
  A death knight (Crypt:2)
  2 catoblepae
  6 spriggan air magi
  A fenstrider witch skeleton (Crypt:3)
  A spectral tengu (Depths:2)
  A merfolk avatar (Swamp:3)
  2 merfolk aquamancers (WizLab)
  7 two-headed ogres
  7 boulder beetles
  A two-headed ogre (shapeshifter) (Elf:1)
  8 vampire magi
  A radroach (shapeshifter) (Vaults:5)
  A spectral frost giant (Depths:2)
  5 alligators
  8 tengu warriors
  5 deep troll shamans
  An alligator (shapeshifter) (Vaults:3)
  A deep troll earth mage (Depths:4)
  6 spriggan berserkers
  15 dancing weapons
  18 hell knights
  2 titan zombies
  2 orc high priests
  3 soul eaters
  Amaemon (Lair:2)
  2 titan skeletons
  Nergalle (Lair:2)
  3 iron trolls
  11 deep elf knights
  4 shadow wraiths
  A sixfirhy (D:11)
  10 pharaoh ants
  A golden dragon zombie (Crypt:1)
  25 skeletal warriors
  5 goliath frogs
  A storm dragon skeleton (Depths:2)
  A death drake (D:14)
  44 deep trolls
  6 spriggan druids
  10 orb spiders
  Lodul (D:14)
  7 flayed ghosts
  A bunyip skeleton (Crypt:1)
  10 deep elf archers
  5 spectral hydras (Swamp:4)
  8 bog bodies
  2 spriggan simulacra (Spider:2)
  4 glowing orange brains
  An obsidian statue (Vaults:2)
  10 swamp dragons
  8 wizards
  A golden dragon skeleton (Depths:2)
  15 phantasmal warriors
  18 necromancers
  23 deep elf zephyrmancers
  A sphinx zombie (Depths:2)
  A jorogumo zombie (Crypt:2)
  3 steelbarb worms
  37 ugly things
  17 wolf spiders
  3 lindwurms
  34 deep elf pyromancers
  A fire giant zombie (Vaults:4)
  20 ironbound convokers
  2 shining eyes
  5 oklob plants
  A tengu skeleton (Depths:2)
  7 cyclopes
  4 orc knights
  5 orc sorcerers
  A stone giant zombie (Vaults:4)
  2 shadow dragon skeletons
  A spectral ettin (Depths:2)
  A manticore (shapeshifter) (D:11)
  19 moths of wrath
  5 will-o-the-wisps
  5 worldbinders (WizLab)
  An iron dragon skeleton (Depths:2)
  3 manticores
  A guardian serpent (shapeshifter) (D:13)
  A fire giant skeleton (Vaults:4)
  19 elephants
  14 vault sentinels
  A titan simulacrum (Depths:3)
  A rust devil (D:11)
  A naga mage (D:15)
  A dire elephant zombie (Crypt:1)
  3 eyes of devastation
  3 centaur skeletons (D:15)
  11 demonic crawlers
  9 torpor snails
  4 black mambas
  4 gargoyles
  3 rime drakes
  4 orange demons
  A hellion (D:11)
  11 cane toads
  6 komodo dragons
  A kobold demonologist (D:8)
  An unseen horror (D:12)
  An anaconda simulacrum (Spider:2)
  6 freezing wraiths
  A spectral glowing shapeshifter (Depths:2)
  2 efreet
  A green draconian skeleton (Crypt:1)
  3 tormentors
  2 hydra zombies (Swamp:4)
  3 death drake zombies (Swamp:4)
  24 yaktaurs
  2 golden dragon simulacra
  29 guardian mummies (Crypt:3)
  An elf skeleton (Vaults:2)
  9 trolls
  3 tengu conjurers
  30 hornets
  A queen bee (Spider:4)
  12 meliai
  3 polar bears
  A tengu simulacrum (Vaults:4)
  Prince Ribbit (D:8)
  A shadow dragon simulacrum (Vaults:4)
  25 tarantellas
  A troll (shapeshifter) (D:11)
  13 tyrant leeches
  A hornet (shapeshifter) (Depths:3)
  A death drake skeleton (Swamp:4)
  A moth of wrath zombie (Crypt:3)
  12 blink frogs
  2 hydra skeletons (Swamp:4)
  A sphinx simulacrum (Depths:2)
  A fire giant simulacrum (Vaults:4)
  10 dream sheep
  6 flying skulls
  2 centaur simulacra (D:15)
  34 jumping spiders
  8 wyverns
  Sigmund (D:3)
  4 air elementals
  26 culicivoras
  14 water elementals
  9 wraiths
  9 basilisks
  57 slime creatures
  2 shadows (D:13)
  An ettin skeleton (Crypt:1)
  20 spriggans
  A vampire (D:13)
  12 ushabtiu (Crypt:3)
  40 yaks
  A wind drake zombie (Crypt:2)
  2 fire elementals
  71 redbacks
  18 swamp worms
  2 steam dragons
  6 vampire mosquitoes
  Menkaure (D:7)
  A human simulacrum (Vaults:1)
  A water nymph zombie (Crypt:3)
  2 glowing shapeshifter zombies (Depths:2)
  A deep troll zombie (Crypt:2)
  3 acid dragons
  A fire bat skeleton (Crypt:2)
  An entropy weaver zombie (Crypt:1)
  17 water moccasins
  4 swamp drakes
  2 floating eyes
  30 orc warriors
  A hydra simulacrum (Swamp:4)
  A glowing shapeshifter skeleton (Vaults:4)
  A water nymph skeleton (Crypt:2)
  An ice beast (shapeshifter) (Elf:2)
  2 ice beasts
  4 black bears
  2 sky beasts
  An elephant zombie (Crypt:2)
  17 ogres
  An alligator simulacrum (Spider:2)
  An ettin simulacrum (Vaults:4)
  12 wolves
  A swamp dragon zombie (Crypt:1)
  8 centaurs
  3 human skeletons
  A lindwurm skeleton (Crypt:2)
  3 phantoms
  A snapping turtle skeleton (Crypt:3)
  15 kobold brigands
  An elf zombie (Ossuary)
  Blork the orc (D:4)
  8 necrophages
  8 bullfrogs
  2 gnoll sergeants (D:10)
  7 scorpions
  3 deep troll simulacra (Spider:2)
  2 earth elementals
  A glowing shapeshifter simulacrum (Depths:2)
  7 wights
  A lindwurm simulacrum (Spider:2)
  A polar bear zombie (Crypt:1)
  A water moccasin skeleton (Crypt:3)
  19 killer bees
  9 howler monkeys
  2 electric eels (Spider:4)
  2 human zombies (Ossuary)
  3 jellies (D:5)
  A gnoll bouda (D:5)
  4 hounds
  32 orc priests
  6 iguanas
  Ijyb (D:3)
  Terence (D:2)
  11 hell rats
  A basilisk skeleton (Crypt:1)
  39 orc wizards
  Natasha (D:2)
  2 deep dwarf zombies
  12 mummies
  6 gnolls
  A steam dragon zombie (Crypt:1)
  12 adders
  5 river rats (Sewer)
  A steam dragon skeleton (Crypt:3)
  A white imp (D:6)
  An ufetubus (D:4)
  A worm zombie (Crypt:3)
  An adder zombie (Ossuary)
  2 worms
  5 dart slugs
  102 orcs
  7 ball pythons
  A bat (D:3)
  A bat zombie (Crypt:2)
  14 endoplasms
  7 giant cockroaches
  11 goblins
  9 hobgoblins
  30 kobolds
  8 quokkas
  A ball python skeleton (Crypt:3)
  6 frilled lizards
  A goblin zombie (Ossuary)
  7 hobgoblin zombies (Ossuary)
  2 jackal zombies (Ossuary)
  10 kobold zombies (Ossuary)
  12 orc zombies
  20 rats
  3 rat zombies
  A briar patch (Swamp:4)
2490 creatures vanquished.

Vanquished Creatures (collateral kills)
  Tiamat (Zot:2)
  An Executioner (Depths:2)
  A death cob (Zot:1)
  3 storm dragons
  A tengu reaver (Depths:1)
  2 vault wardens (Vaults:5)
  An iron dragon (Vaults:5)
  An ettin (Vaults:5)
  A yaktaur captain (Vaults:4)
  A jorogumo (Spider:3)
  An ogre mage (Vaults:5)
  A deep troll shaman (Depths:3)
  An iron troll (Depths:3)
  A deep troll (Depths:3)
  A wizard (Vaults:4)
  A phantasmal warrior (Vaults:4)
  2 deep elf pyromancers (Elf:1)
  A faun (shapeshifter) (Vaults:5)
  An ugly thing (Vaults:4)
  A freezing wraith (Vaults:4)
  A tormentor (Depths:2)
  A redback (Spider:3)
26 creatures vanquished.

Vanquished Creatures (others)
  Margery (Vaults:2)
  A golden dragon (Zot:3)
  A red draconian (Zot:1)
  A deep troll earth mage (Depths:3)
  An orc high priest (Elf:2)
  A deep elf knight (Elf:2)
  A deep elf zephyrmancer (Elf:2)
  A deep elf pyromancer (Elf:2)
  A moth of wrath (Zot:4)
  3 bloated husks
  An acid dragon (Lair:5)
  An iguana (Lair:5)
  A hell rat (Lair:5)
  An orc (Orc:1)
  5 briar patches (Swamp:4)
  A bush (Lair:4)
  30 foxfires
  31 fungi
  122 plants
  2 starspawn tentacles (WizLab)
207 creatures vanquished.

Grand Total: 2723 creatures vanquished

Table legend: (Time is in decaauts)
 A = Elapsed time spent in this place.
 B = Non-inter-level travel time spent in this place.
 C = Inter-level travel time spent in this place.
 D = Time resting spent in this place.
 E = Time spent auto-exploring this place.
 F = Levels seen in this place.
 G = Mean time per level.
                   A        B        C        D        E       F      G
               +--------+--------+--------+--------+--------+-----+--------+
         Total |  75257 |  67097 |   8160 |  14013 |  35584 |  59 | 1275.5 |
       Dungeon |  16472 |  13540 |   2932 |   1618 |   9219 |  15 | 1098.1 |
          Lair |   6093 |   5225 |    868 |    637 |   3450 |   5 | 1218.6 |
         Swamp |   4075 |   3957 |    118 |    754 |   2266 |   4 | 1018.8 |
   Spider Nest |   6905 |   6321 |    584 |   1229 |   3487 |   4 | 1726.2 |
    Slime Pits |    490 |    421 |     69 |     44 |      0 |   5 |   98.0 |
  Orcish Mines |   1408 |   1315 |     93 |      0 |   1058 |   2 |  704.0 |
   Elven Halls |   4341 |   4136 |    205 |    811 |   2250 |   3 | 1447.0 |
        Vaults |  11076 |   9374 |   1702 |   2436 |   4577 |   5 | 2215.2 |
         Crypt |   6018 |   5691 |    327 |   1891 |   1999 |   3 | 2006.0 |
        Depths |   7298 |   6704 |    594 |    986 |   3782 |   4 | 1824.5 |
           Zot |   9162 |   8500 |    662 |   3077 |   3004 |   5 | 1832.4 |
         Sewer |    631 |    631 |      0 |    138 |    247 |   1 |  631.0 |
       Ossuary |    184 |    184 |      0 |      0 |     86 |   1 |  184.0 |
        Bailey |    362 |    362 |      0 |     35 |    156 |   1 |  362.0 |
        Wizlab |    735 |    735 |      0 |    353 |      0 |   1 |  735.0 |
               +--------+--------+--------+--------+--------+-----+--------+

Top non-repeatable levels by time:
 Crypt:3: 2999 daAuts
   Zot:2: 2938 daAuts
Vaults:2: 2540 daAuts
Vaults:4: 2356 daAuts
Vaults:1: 2320 daAuts
   Elf:3: 2310 daAuts
Spider:3: 2307 daAuts
Vaults:5: 2109 daAuts
   Zot:1: 2045 daAuts
Depths:3: 1991 daAuts
Depths:4: 1877 daAuts
Depths:2: 1862 daAuts
    D:15: 1858 daAuts
Spider:4: 1823 daAuts
 Crypt:2: 1818 daAuts

Table legend:
 A = Non-vault XP
 B = Vault XP
 C = Vault XP percentage of total XP
 D = Non-vault monster count
 E = Vault monster count
 F = Vault count percentage of total count
                 A         B        C        D         E       F
            +---------+---------+-------+---------+---------+-------
      Total |  781453 |  701944 |  47.3 |    1469 |    1019 |  41.0
            +---------+---------+-------+---------+---------+-------
        D:1 |      25 |       0 |   0.0 |      14 |       0 |   0.0
        D:2 |      40 |      77 |  65.8 |      13 |       7 |  35.0
        D:3 |     181 |     274 |  60.2 |      23 |       8 |  25.8
        D:4 |     394 |     129 |  24.7 |      27 |       3 |  10.0
        D:5 |     497 |     444 |  47.2 |      15 |      12 |  44.4
        D:6 |    2050 |       0 |   0.0 |      22 |       0 |   0.0
        D:7 |    1223 |     172 |  12.3 |      24 |       1 |   4.0
        D:8 |    3441 |    2870 |  45.5 |      37 |      25 |  40.3
        D:9 |    1444 |       7 |   0.5 |      15 |       4 |  21.1
       D:10 |    3798 |    4332 |  53.3 |      10 |      23 |  69.7
       D:11 |    2643 |    2448 |  48.1 |      13 |       5 |  27.8
       D:12 |    6535 |    2492 |  27.6 |      18 |       5 |  21.7
       D:13 |    5900 |    9147 |  60.8 |      19 |      17 |  47.2
       D:14 |   11877 |    6142 |  34.1 |      26 |      12 |  31.6
       D:15 |   12517 |    8070 |  39.2 |      24 |      10 |  29.4
     Lair:1 |    3451 |       0 |   0.0 |      12 |       0 |   0.0
     Lair:2 |    6755 |    6370 |  48.5 |      27 |      20 |  42.6
     Lair:3 |    4480 |     821 |  15.5 |      15 |       1 |   6.2
     Lair:4 |   11572 |    1159 |   9.1 |      42 |       2 |   4.5
     Lair:5 |   16179 |    8256 |  33.8 |      48 |      28 |  36.8
    Swamp:1 |   11766 |       0 |   0.0 |      27 |       0 |   0.0
    Swamp:2 |   10756 |       0 |   0.0 |      25 |       0 |   0.0
    Swamp:3 |   11811 |    4417 |  27.2 |      20 |       1 |   4.8
    Swamp:4 |   17478 |   27994 |  61.6 |      29 |      42 |  59.2
   Spider:1 |   20083 |    2245 |  10.1 |      48 |       8 |  14.3
   Spider:2 |   17405 |    2143 |  11.0 |      50 |       8 |  13.8
   Spider:3 |   25898 |    3828 |  12.9 |      61 |       3 |   4.7
   Spider:4 |   16433 |   18736 |  53.3 |      43 |      52 |  54.7
    Slime:1 |    3802 |       0 |   0.0 |      15 |       0 |   0.0
    Slime:2 |    3217 |       0 |   0.0 |       5 |       0 |   0.0
    Slime:3 |    4651 |       0 |   0.0 |       7 |       0 |   0.0
    Slime:4 |    2074 |       0 |   0.0 |       4 |       0 |   0.0
    Slime:5 |    5435 |   26582 |  83.0 |       8 |      18 |  69.2
      Orc:1 |    1295 |    1492 |  53.5 |      18 |       1 |   5.3
      Orc:2 |    3069 |    5123 |  62.5 |      34 |      59 |  63.4
      Elf:1 |   17334 |    7241 |  29.5 |      30 |      12 |  28.6
      Elf:2 |   15776 |   12315 |  43.8 |      36 |      18 |  33.3
      Elf:3 |   16471 |   32734 |  66.5 |      27 |      27 |  50.0
   Vaults:1 |   18062 |    7825 |  30.2 |      23 |       9 |  28.1
   Vaults:2 |   11604 |   31543 |  73.1 |      24 |      42 |  63.6
   Vaults:3 |   11877 |   47114 |  79.9 |      17 |      43 |  71.7
   Vaults:4 |   26227 |   32972 |  55.7 |      38 |      45 |  54.2
   Vaults:5 |   15413 |   86328 |  84.9 |      21 |      71 |  77.2
    Crypt:1 |   19383 |       0 |   0.0 |      36 |       0 |   0.0
    Crypt:2 |   39931 |       0 |   0.0 |      63 |       0 |   0.0
    Crypt:3 |   30833 |   28293 |  47.9 |      38 |      60 |  61.2
   Depths:1 |   15799 |    6596 |  29.5 |      26 |       6 |  18.8
   Depths:2 |   29758 |   38727 |  56.5 |      33 |      48 |  59.3
   Depths:3 |   23761 |   68636 |  74.3 |      31 |      48 |  60.8
   Depths:4 |   29603 |   20801 |  41.3 |      30 |      17 |  36.2
      Zot:1 |   60209 |   10593 |  15.0 |      48 |      10 |  17.2
      Zot:2 |   53230 |    7930 |  13.0 |      41 |       4 |   8.9
      Zot:3 |   39873 |   11451 |  22.3 |      30 |       9 |  23.1
      Zot:4 |   23455 |    5825 |  19.9 |      21 |       2 |   8.7
      Zot:5 |   32679 |   75622 |  69.8 |      18 |      34 |  65.4
      Sewer |       0 |     506 | 100.0 |       0 |      49 | 100.0
    Ossuary |       0 |     260 | 100.0 |       0 |      39 | 100.0
     Bailey |       0 |     729 | 100.0 |       0 |      25 | 100.0
     WizLab |       0 |   22133 | 100.0 |       0 |      26 | 100.0
            +---------+---------+-------+---------+---------+-------
